 Dungeon Crawl Stone Soup version 0.25.1-2-g60ff931df9 (webtiles) character file.

Game seed: 3802036549155500972

2300 hawla the Destroyer (level 9, 0/62 HPs)
             Began as a Red Draconian Conjurer on Nov 17, 2020.
             Was a Believer of Vehumet.
             Succumbed to a killer bee's poison
             ... on level 8 of the Dungeon.
             The game lasted 00:34:44 (8908 turns).

hawla the Destroyer (Red Draconian Conjurer)        Turns: 8908, Time: 00:34:45

Health: 0/62       AC:  7    Str: 12    XL:     9   Next: 17%
Magic:  16/16      EV: 12    Int: 18    God:    Vehumet [**....]
Gold:   391        SH:  0    Dex: 17    Spells: 5/18 levels left

rFire    + . .     SeeInvis .   k - staff of death
rCold    + . .     Gourm    .   (no shield)
rNeg     + . .     Faith    .   (armour unavailable)
rPois    .         Spirit   .   (helmet restricted)
rElec    .         Reflect  .   (no cloak)
rCorr    .         Harm     .   (no gloves)
MR       .....                  (no boots)
Stlth    ++........             (no amulet)
HPRegen  0.20/turn              q - +6 ring of dexterity
MPRegen  0.15/turn              (no ring)

@: lethally poisoned (0 -> -1)
A: breathe fire, unfitting armour, cold resistance 1, fire resistance 1,
cold-blooded, AC +7
a: Breathe Fire, Renounce Religion


You were on level 8 of the Dungeon.
You worshipped Vehumet.
Vehumet was pleased with you.
You were not hungry.

You visited 2 branches of the dungeon, and saw 9 of its levels.
You also visited: Ossuary.

You collected 451 gold pieces.
You spent 60 gold pieces at shops.

Inventory:

Missiles
 m - 4 curare-tipped darts
 o - 21 poisoned darts (quivered)
 t - 2 throwing nets
Magical Staves
 k - an uncursed staff of death (weapon)
Jewellery
 q - a +6 ring of dexterity (left hand)
Wands
 j - a wand of digging (1)
 l - a wand of flame (27)
 u - a wand of polymorph (12)
Scrolls
 c - a scroll of teleportation
 f - 4 scrolls of enchant armour
 h - 3 scrolls of remove curse
 n - a scroll of identify
Potions
 d - 8 potions of flight
 e - a potion of stabbing
 g - a potion of haste
 p - a potion of mutation
 s - 2 potions of brilliance
Comestibles
 b - 16 rations


   Skills:
 - Level 1.7 Dodging
 - Level 1.7 Stealth
 - Level 5.1 Spellcasting
 + Level 8.5 Conjurations
 - Level 7.1 Translocations
 + Level 1.8 Fire Magic
 - Level 3.0 Air Magic


You had 5 spell levels left.
You knew the following spells:

 Your Spells              Type           Power        Failure   Level  Hunger
a - Magic Dart            Conj           ####         1%          1    None
b - Searing Ray           Conj           #####.       1%          2    #......
c - Iskenderun's Mystic   Conj/Tloc      ####....     5%          4    ####...
d - Shock                 Conj/Air       ####         1%          1    None
e - Foxfire               Conj/Fire      ###.         1%          1    None
f - Sticky Flame          Conj/Fire      ###.....     16%         4    ####...

Your spell library contained the following spells:

 Spells                   Type           Power        Failure   Level  Hunger
 Gell's Gravitas          Tloc           ####......   1%          3    ##.....
 Conjure Flame            Conj/Fire      ###.....     4%          3    ##.....
 Dazzling Flash           Conj/Hex       ###...       7%          3    ##.....
 Beastly Appendage        Tmut           #.....       13%         1    None
 Sticks to Snakes         Tmut           #.......     21%         2    #......
 Fulminant Prism          Conj/Hex       ###.......   22%         4    ####...
 Inner Flame              Hex/Fire       #.......     26%         3    ##.....
 Confusing Touch          Hex            #.......     36%         3    ##.....
 Spider Form              Tmut/Pois      #.........   36%         3    ##.....
 Fireball                 Conj/Fire      ###.......   41%         5    ######.
 Ice Form                 Ice/Tmut       #.......     78%         4    ####...
 Petrify                  Tmut/Erth      #.......     78%         4    ####...
 Blade Hands              Tmut           #.........   98%         5    ######.
 Metabolic Englaciation   Hex/Ice        #.........   98%         5    ######.
 Yara's Violent Unravell  Hex/Tmut       #.........   98%         5    ######.


Dungeon Overview and Level Annotations

Branches:
Dungeon (8/15)             Temple (1/1) D:4         Ossuary (visited)
   Lair: D:8-11

Altars:
Ashenzari
Cheibriados
Dithmenos
Fedhas
Gozag
Hepliaklqana
Kikubaaqudgha
Makhleb
Nemelex Xobeh
Okawaru
Qazlal
Ru
Sif Muna
Trog
Uskayaw
Vehumet
Wu Jian
Xom
Yredelemnul
Zin
The Shining One

Shops:
D:5 !   D:7 *


Innate Abilities, Weirdness & Mutations

You can breathe blasts of fire.
Your fiery red scales are hard. (AC +7)
You cannot fit into any form of body armour.
Your flesh is heat resistant. (rF+)
You are cold-blooded and may be slowed by cold attacks.
Your flesh is cold resistant. (rC+)


Message History

The killer bee stings you but does no damage.
You feel sick.
The killer bee seems to regain its courage.
The killer bee barely misses you.
The killer bee seems to regain its courage.
The killer bee stings you.
* * * LOW HITPOINT WARNING * * *
The killer bee stings you but does no damage.
The killer bee stings you!
* * * LOW HITPOINT WARNING * * *
The killer bee misses you.
You feel magically purged.
* * * LOW HITPOINT WARNING * * *
You feel sick. The killer bee barely misses you.
The killer bee stings you but does no damage.
The killer bee barely misses you.
The killer bee buzzes angrily.
The killer bee stings you but does no damage.
There is a stone staircase leading up here.
You die...

#......## #
#........ .#
#......###.#
#.......... #
#........# #
#........+
######...#....#
..............######
.##.......#..yyy@..#
..#.............)..#
#.#................#
#..................#
##........#........#
#........#........#
##.###+###........#
#.. #........# ##.#
#........


You could see 3 killer bees.

Vanquished Creatures
  A hippogriff (D:6)
  Sigmund (D:5)
  Menkaure (D:5)
  An orc warrior (D:7)
  A sky beast (D:7)
  2 ice beasts (D:7)
  5 ogres
  A centaur (D:6)
  Blork the orc (D:5)
  4 water moccasin zombies (Ossuary)
  A crimson imp (D:6)
  A hound (D:5)
  A quasit (D:7)
  A jelly (D:7)
  2 orc wizards
  An orc priest (D:7)
  Ijyb (D:5)
  Terence (D:3)
  An iguana (D:2)
  A worker ant (D:6)
  2 big kobold zombies (Ossuary)
  A hound skeleton (D:7)
  2 mummies (Ossuary)
  A worker ant zombie (D:5)
  7 gnolls
  A howler monkey skeleton (D:7)
  8 adders
  2 adder zombies (Ossuary)
  An adder skeleton (D:7)
  2 worms
  3 dart slugs
  5 leopard geckos
  11 orcs
  11 giant cockroaches
  A gnoll zombie (Ossuary)
  6 goblins
  9 hobgoblins
  2 jackals (D:2)
  2 quokkas
  4 bats
  7 frilled lizards
  6 hobgoblin zombies (Ossuary)
  A jackal skeleton (D:4)
  2 kobolds
  3 kobold zombies (Ossuary)
  6 orc zombies (Ossuary)
  8 rats
143 creatures vanquished.

Vanquished Creatures (others)
  5 foxfires (D:8)
5 creatures vanquished.

Grand Total: 148 creatures vanquished

Notes
Turn   | Place    | Note
-------+----------+-------------------------------------------
     0 | D:1      | hawla the Draconian Conjurer began the quest for the Orb.
     0 | D:1      | Reached XP level 1. HP: 14/14 MP: 3/3
   136 | D:1      | Reached XP level 2. HP: 17/20 MP: 0/5
   188 | D:1      | Learned a level 2 spell: Searing Ray
   657 | D:2      | Reached XP level 3. HP: 26/26 MP: 2/7
   825 | D:2      | Found a glowing silver altar of Zin.
  1339 | D:2      | Reached XP level 4. HP: 21/33 MP: 1/10
  1345 | D:2      | Learned a level 4 spell: Iskenderun's Mystic Blast
  1755 | D:2      | Reached skill level 1 in Translocations
  1840 | D:2      | Found a basalt altar of Yredelemnul.
  2649 | D:3      | Noticed Terence
  2659 | D:3      | Killed Terence
  2659 | D:3      | Reached XP level 5. HP: 37/38 MP: 1/11
  2994 | D:3      | Found a sacrificial altar of Ru.
  3252 | D:3      | Found an ancient bone altar of Kikubaaqudgha.
  3634 | D:4      | Found an opulent altar of Gozag.
  3683 | D:4      | Found a staircase to the Ecumenical Temple.
  3743 | Temple   | Entered the Ecumenical Temple
  3951 | Temple   | Became a worshipper of Vehumet
  4343 | D:5      | Entered Level 5 of the Dungeon
  4352 | D:5      | Gained mutation: You tend to lose your temper in combat.
                  | [potion of mutation]
  4352 | D:5      | Gained mutation: Your flesh is cold resistant. (rC+)
                  | [potion of mutation]
  4352 | D:5      | Lost mutation: You tend to lose your temper in combat.
                  | [potion of mutation]
  4388 | D:5      | Noticed Blork the orc
  4515 | D:5      | Killed Blork the orc
  4515 | D:5      | Reached skill level 5 in Conjurations
  4515 | D:5      | Reached XP level 6. HP: 26/45 MP: 4/12
  4746 | D:5      | Found an ornate altar of the Wu Jian Council.
  4770 | D:5      | Noticed Menkaure
  4779 | D:5      | Killed Menkaure
  5138 | D:5      | Found an ornate altar of the Wu Jian Council.
  5166 | D:5      | Noticed Ijyb
  5174 | D:5      | Killed Ijyb
  5257 | D:5      | Found Jolips Daaz's Distillery.
  5275 | D:5      | Noticed Sigmund
  5294 | D:5      | Killed Sigmund
  5294 | D:5      | Reached skill level 6 in Conjurations
  5294 | D:5      | Your scales start taking on a fiery red colour.
  5294 | D:5      | Reached XP level 7. HP: 41/50 MP: 10/13
  5294 | D:5      | Gained mutation: Your flesh is heat resistant. (rF+) [Red
                  | Draconian growth]
  5495 | D:5      | Found a hazy altar of Hepliaklqana.
  5496 | D:5      | Found a shadowy altar of Dithmenos.
  5496 | D:5      | Noticed a shadow
  5788 | D:6      | Reached skill level 5 in Translocations
  6227 | D:7      | Noticed a hippogriff
  6255 | D:6      | Killed a hippogriff
  6255 | D:6      | Reached skill level 7 in Conjurations
  6255 | D:6      | Reached XP level 8. HP: 13/57 MP: 0/14
  6624 | D:7      | Found a snail-covered altar of Cheibriados.
  6663 | D:7      | Reached * piety under Vehumet
  6663 | D:7      | Offered knowledge of Shock by Vehumet.
  6676 | D:7      | Found Wurruj's Assorted Antiques.
  6722 | D:7      | Found a sand-covered staircase.
  6736 | Ossuary  | Entered an ossuary
  6786 | Ossuary  | Learned a level 1 spell: Shock
  6945 | Ossuary  | Reached skill level 1 in Air Magic
  7485 | D:7      | Reached skill level 8 in Conjurations
  7849 | D:7      | Reached skill level 5 in Spellcasting
  7941 | D:7      | Reached XP level 9. HP: 62/62 MP: 12/16
  8273 | D:7      | Reached ** piety under Vehumet
  8273 | D:7      | Offered knowledge of Foxfire by Vehumet.
  8276 | D:7      | Learned a level 1 spell: Foxfire
  8398 | D:7      | Bought a bubbling inky potion for 19 gold pieces
  8398 | D:7      | Bought an inky potion for 19 gold pieces
  8398 | D:7      | Bought a scroll labeled FUUGRU VAABB for 22 gold pieces
  8403 | D:7      | Acquired a book of Flames
  8410 | D:7      | Learned a level 4 spell: Sticky Flame
  8573 | D:7      | Reached skill level 1 in Fire Magic
  8902 | D:8      | HP: 1/62 [killer bee (7)]
  8908 | D:8      | Succumbed to a killer bee's poison

Illustrated notes

Levels and vault maps discovered:
D:1:      ncdulo_halloftheorcs, layout_rooms, minmay_misc_feat_rugged
D:2:      minmay_inner_zag, layout_loops_ring, zin_academy, first_ration,
          yredelemnul_altar_generic
D:3:      layout_loops_ring, nicolae_overflow_crystal_walls, lemuel_round_altar,
          uniq_terence
D:4:      layout_cave_pools, nicolae_gozag_cash_rules_everything_around_me,
          minmay_temple_entry_water_ring
D:5:      layout_cave_pools, riverfiend_overflow_shadow_ancestor,
          marbit_many_paths, serial_shops, shop, basic_altar, uniq_menkaure,
          uniq_blork_the_orc, uniq_sigmund, uniq_ijyb
D:6:      layout_basic, serial_shops, kennysheep_mini
D:7:      layout_cave_pools, slow_altar_1, serial_shops, nicolae_shop_stone,
          nicolae_ossuary_entry_ruins, grunt_ogre_cave
D:8:      layout_basic
Temple:   nicolae_temple_figure_eight

Skill      XL: |  1  2  3  4  5  6  7  8  9 |
---------------+----------------------------+-----
Spellcasting   | 3 4 5 |  5.1
Translocations | 1 2 4 5 7 |  7.1
Conjurations   | 5 6 7 8 |  8.5
Air Magic      | 2 3 |  3.0
Fire Magic     | 1 |  1.8
Dodging        | |  1.7
Stealth        | |  1.7

Action                   |  1- 3 |  4- 6 |  7- 9 || total
-------------------------+-------+-------+-------++-------
Melee: Dagger            |    14 |    14 |       ||    28
       Tailslap          |       |     6 |     2 ||     8
       Staff             |       |       |     9 ||     9
Throw: Dart              |       |       |     2 ||     2
 Cast: Magic Dart        |    52 |    64 |    87 ||   203
       Searing Ray       |     7 |    33 |    38 ||    78
       Shock             |       |       |    35 ||    35
       Iskenderun's Myst |       |       |     3 ||     3
       Foxfire           |       |       |     3 ||     3
       Sticky Flame      |       |       |     2 ||     2
 Abil: Breathe Fire      |       |       |     5 ||     5
Evoke: Wand              |       |     1 |     3 ||     4
  Use: Scroll            |     5 |     8 |    13 ||    26
       Potion            |       |     2 |    11 ||    13
  Eat: Chunk             |     2 |    12 |     4 ||    18
       Ration            |       |       |     3 ||     3
Armor: Skin              |     6 |    11 |    54 ||    71
Dodge: Dodged            |     8 |    23 |   101 ||   132
Block: Buckler           |       |    10 |       ||    10
